 Dungeon Crawl Stone Soup version 0.31-a0-152-g6aa68a64a1 (webtiles) character file.

Game seed: 4257807828886443165

27 Elmgren the Shooter (level 3, -1/21 HPs)
             Began as a Gargoyle Hunter on June 10, 2023.
             Killed by divine providence
             ... invoked by an orc priest
              (11 damage)
             ... on level 2 of the Dungeon.
             The game lasted 00:02:45 (1470 turns).

Elmgren the Shooter (Gargoyle Hunter)               Turns: 1470, Time: 00:02:46

Health: -1/21      AC:  7    Str: 14    XL:     3   Next: 10%
Magic:  3/3        EV: 11    Int:  9    God:
Gold:   136        SH:  0    Dex: 15    Spells: 2/2 levels left

rFire   . . .        a - +0 shortbow
rCold   . . .        (shield currently unavailable)
rNeg    + . .        c - +0 leather armour
rPois   ∞            (no helmet)
rElec   +            k - +0 cloak
rCorr   .            (no gloves)
SInv    .            (no boots)
Will    .....        (no amulet)
Stlth   +            (no ring)
HPRegen 0.23/turn    (no ring)
MPRegen 0.08/turn

%: no passive effects
@: confused
A: sickness immunity, AC +3, negative energy resistance 1, electricity
resistance, torment resistance 1, petrification resistance
a: no special abilities


You were on level 2 of the Dungeon.
You visited 1 branch of the dungeon, and saw 2 of its levels.

You collected 136 gold pieces.

Inventory:

Hand Weapons
 a - a +0 shortbow (weapon)
Armour
 c - a +0 leather armour (worn)
 k - a +0 cloak (worn)
Jewellery
 d - a ring of ice
 p - an amulet of faith
Scrolls
 b - a scroll of butterflies
 e - 3 scrolls of identify {unknown}
 f - 2 scrolls of teleportation {unknown}
 j - a scroll of amnesia {unknown}
 m - a scroll of blinking {unknown}
 o - a scroll of immolation
 q - a scroll of torment {unknown}
 r - a scroll of poison {unknown}
Potions
 g - a potion of haste {unknown}
 h - 2 potions of heal wounds {unknown}
 i - a potion of degeneration {unknown}
 l - a potion of curing {unknown}
 n - 3 potions of enlightenment {unknown}


   Skills:
 - Level 2.1 Fighting
 + Level 5.0 Ranged Weapons
 - Level 1.5 Dodging
 - Level 1.1 Stealth


You had 2 spell levels left.
You didn't know any spells.
Your spell library was empty.

Dungeon Overview and Level Annotations

Branches:
Dungeon (2/15)

Altars:

Shops:
D:1 [


Innate Abilities, Weirdness & Mutations

You are immune to sickness and miasma.
Your stone body is resilient. (AC +3)
You are immune to poison.
You resist negative energy. (rN+)
You are resistant to electric shocks. (rElec)
You are resistant to unholy torment.
You are immune to petrification.


Message History

An orc wizard is nearby!
You shoot an arrow. The arrow hits the orc wizard.
The orc wizard is moderately wounded.
An orc wizard is nearby!
You shoot an arrow. The arrow hits the orc wizard.
The orc wizard is heavily wounded.
An orc wizard comes into view. It is wielding a +0 dagger.
The orc wizard casts a spell.
The orc wizard flickers and vanishes!
Deactivating autopickup; reactivate with Ctrl-A.
An orc wizard is nearby!
You shoot an arrow.
The arrow hits the orc wizard but does no damage.
An orc comes into view. It is wielding a +0 mace.
A puff of flame appears from out of thin air!
The puff of flame hits you.
An orc priest comes into view. It is wielding a +0 short sword.
The orc moves out of view.
An orc comes into view. It is wielding a +0 short sword.
The orc shouts!
There are monsters nearby!
You are too injured to fight recklessly!
There are monsters nearby!
The orc wizard casts a spell at you. You resist with significant effort.
The orc wizard points at you and mumbles some strange words.
You are confused.
You are more confused.
You hear a shout!
You bump into the rock wall.
The orc wizard points at you and mumbles some strange words.
You resist with significant effort.
You bump into the rock wall.
The orc wizard gestures at you while chanting.
You are more confused.
A magic dart appears from out of thin air!
The magic dart hits you.
The orc priest invokes the aid of Beogh against you.
Beogh smites you!
Ouch! That really hurt!
You die...

#.......#.#.####............#
#####.#...#.†......#........#
#+#..##........#........#
..............#...######
.....#...(......#...#
.......#...#...####.#.#
.......+...#...#....#######
..#....#...#...#...........
..#....+.>##..@'...########
### #...#...#### #..........#
#.#........# #####.#.o.######
......o..o.....#
.........#.#.#.# ....#o..#..#
# ......#...#...


You could see an orc priest, an orc wizard and an orc.

Vanquished Creatures
  An adder (D:2)
  2 bats
  An endoplasm (D:1)
  A giant cockroach (D:1)
  A goblin (D:1)
  A hobgoblin (D:1)
  2 kobolds (D:1)
  2 quokkas (D:2)
  A frilled lizard (D:2)
  5 rats (D:1)
17 creatures vanquished.

Notes
Turn   | Place    | Note
-------+----------+-------------------------------------------
     0 | D:1      | Elmgren the Gargoyle Hunter began the quest for the Orb.
     0 | D:1      | Reached XP level 1. HP: 12/12 MP: 1/1
   183 | D:1      | Reached XP level 2. HP: 17/17 MP: 2/2
   265 | D:1      | Found Qieteuxt's Antique Armour Boutique.
  1377 | D:2      | Reached XP level 3. HP: 15/21 MP: 3/3
  1413 | D:2      | Reached skill level 5 in Ranged Weapons
  1452 | D:2      | Found a faded altar of an unknown god.
  1470 | D:2      | Killed from afar by an orc priest

Illustrated notes

Levels and vault maps discovered:
D:1:      eino_arrival_water_star, layout_basic, serial_shops,
          nicolae_shop_pleasant_corner_grove
D:2:      layout_basic, serial_shops, shop, hellmonk_ecumenical_altar_blasted,
          kennysheep_generic_room_14

Skill      XL: |  1  2  3 |
---------------+----------+-----
Ranged Weapons | 5 |  5.0
Fighting       | |  2.1
Dodging        | |  1.5
Stealth        | |  1.1

Action                     || total
---------------------------++-------
   Fire: Shortbow          ||    69
 Armour: Leather armour    ||    12
  Dodge: Dodged            ||    13

Table legend: (Time is in decaauts)
 A = Elapsed time spent in this place.
 B = Non-inter-level travel time spent in this place.
 C = Inter-level travel time spent in this place.
 D = Time resting spent in this place.
 E = Time spent auto-exploring this place.
 F = Levels seen in this place.
 G = Mean time per level.
                   A        B        C        D        E       F      G
               +--------+--------+--------+--------+--------+-----+--------+
         Total |   1487 |   1400 |     87 |    100 |   1003 |   2 |  743.5 |
       Dungeon |   1487 |   1400 |     87 |    100 |   1003 |   2 |  743.5 |
               +--------+--------+--------+--------+--------+-----+--------+

Top non-repeatable levels by time:
     D:1: 904 daAuts
     D:2: 582 daAuts
